 Dungeon Crawl Stone Soup version 0.30-a0-305-g026cb31310 (webtiles) character file.

Game seed: 10426422545517532668

266686 MrRokkomies the Tortoise (level 19, -10/181 HPs)
             Began as an Armataur Brigand on Oct 21, 2022.
             Was a Priest of Uskayaw.
             Killed from afar by a deep elf zephyrmancer (47 damage)
             ... with a bolt of lightning
             ... led by a deep elf high priest
             ... on level 2 of the Vaults on Oct 22, 2022.
             The game lasted 02:15:15 (40027 turns).

MrRokkomies the Tortoise (Armataur Brigand)        Turns: 40027, Time: 02:15:16

Health: -10/181    AC: 28    Str: 19    XL:     19   Next: 33%
Magic:  30/30      EV: 13    Int: 12    God:    Uskayaw [***...]
Gold:   1581       SH:  0    Dex: 20    Spells: 18/18 levels left

rFire   + + .      SeeInvis .    a - +5 glaive of the Guard {elec, spectral, AC+5}
rCold   . . .      Faith    .    (shield currently unavailable)
rNeg    + . .      Spirit   .    J - +3 salamander hide armour {Flames rF++ rC--}
rPois   +          Reflect  .    O - +1 hat {Stlth+}
rElec   .          Harm     .    c - scarf {rC+ rF+}
rCorr   .          Roll     +    F - +2 pair of gloves {hurl}
Will    ++++.      Clarity  +    D - +2 barding
Stlth   ++++......               z - amulet of the Four Winds {rN+ Will+++ Clar}
HPRegen 0.50/turn                M - ring "Miets" {Wiz Drain rPois Dex+3}
MPRegen 0.22/turn                R - ring of Lugonu's Approval {Ice Slay+2}

@: no status effects
A: large, rugged brown scales 3, deformed body, armoured tail, roll, long
tongue, awkward tongue
}: 2/15 runes: barnacled, gossamer
a: Renounce Religion, Stomp, Line Pass


You were on level 2 of the Vaults.
You worshipped Uskayaw.
Uskayaw was pleased with you.
You visited 7 branches of the dungeon, and saw 33 of its levels.
You also visited: Sewer, Gauntlet and Ice Cave.

You collected 3294 gold pieces.
You spent 1713 gold pieces at shops.

Inventory:

Hand Weapons
 a - the +5 glaive of the Guard (weapon) {elec, spectral, AC+5}
   (You found it on level 5 of the Lair of Beasts)

   It occasionally discharges a powerful burst of electricity upon striking a
   foe.
   When it strikes, its spirit leaps out and fights alongside the wielder.
   AC:        It affects your AC (+5).
 b - the +9 dagger of Ocietain {flame, rC+ Str+4}
   (You found it on level 2 of the Dungeon)

   It burns those it strikes, dealing additional fire damage.
   Str:       It affects your strength (+4).
   rC:        It protects you from cold.
Missiles
 e - 8 curare-tipped darts
 f - 18 javelins
 l - 16 atropa-tipped darts
 n - 7 boomerangs of dispersal
 s - a silver boomerang
 v - 3 boomerangs (quivered)
 A - 11 throwing nets
 S - 4 silver javelins
Armour
 c - a scarf of resistance (worn)
 D - a +2 barding (worn)
 F - a +2 pair of gloves of hurling (worn)
 J - the +3 salamander hide armour (worn) {Flames rF++ rC--}
   (You found it on level 9 of the Dungeon)

   It surrounds you with a cloud of flames.
   It grants immunity to clouds of flame.
   It enhances your fire magic.
   rF:        It greatly protects you from fire.
   rC:        It makes you very vulnerable to cold.
 O - a +1 hat of stealth (worn)
Jewellery
 y - a ring of see invisible
 z - the amulet of the Four Winds (around neck) {rN+ Will+++ Clar}
   (You found it in a Gauntlet)

   [amulet of nothing]

   rN:        It protects you from negative energy.
   Clar:      It protects you against confusion.
   Will:      It greatly increases your willpower.
 M - the ring "Miets" (left hand) {Wiz Drain rPois Dex+3}
   (You bought it in a shop on level 11 of the Dungeon)

   [ring of wizardry]

   It improves your spell success rate.
   Dex:       It affects your dexterity (+3).
   rPois:     It protects you from poison.
   Drain:     It drains your maximum health when unequipped.
 R - the ring of Lugonu's Approval (right hand) {Ice Slay+2}
   (You found it in an ice cave)

   [ring of ice]

   It enhances your ice magic.
   Slay:      It affects your accuracy & damage with ranged weapons and melee
   (+2).
   rF:        It makes you vulnerable to fire.
   rC:        It protects you from cold.
 Y - a ring of resist corrosion
Wands
 k - a wand of roots (4)
 N - a wand of digging (9)
 T - a wand of quicksilver (5)
 V - a wand of charming (18)
 W - a wand of mindburst (11)
Scrolls
 d - a scroll of fog
 h - a scroll of immolation
 q - 15 scrolls of teleportation
 u - 4 scrolls of magic mapping
 w - 3 scrolls of poison
 C - a scroll of blinking
 G - 3 scrolls of brand weapon
 K - 4 scrolls of enchant weapon
 L - 10 scrolls of identify
 P - 4 scrolls of fear
Potions
 g - 22 potions of curing
 i - 6 potions of might
 j - 2 potions of haste
 m - 10 potions of lignification
 p - 7 potions of cancellation
 r - 6 potions of brilliance
 t - 3 potions of invisibility
 x - 3 potions of flight
 B - 6 potions of mutation
 E - 8 potions of ambrosia
 I - 7 potions of berserk rage
 X - a potion of heal wounds
 Z - 2 potions of magic
Miscellaneous
 o - a box of beasts
 H - a tin of tremorstones (2/2)
 Q - a phantom mirror
 U - a lightning rod (4/4)


   Skills:
 - Level 15.0 Fighting
 - Level 10.0 Short Blades
 * Level 13.1 Polearms
 + Level 13.7 Throwing
 - Level 15.5 Armour
 - Level 9.3 Dodging
 - Level 6.0 Stealth
 * Level 15.4 Invocations
 + Level 6.4 Evocations


You had 18 spell levels left.
You didn't know any spells.
Your spell library contained the following spells:

 Spells                   Type           Power      Damage    Failure   Level
 Apportation              Tloc           0%         N/A       16%         1
 Kiss of Death            Conj/Necr      0%         2d5       16%         1
 Magic Dart               Conj           0%         1d3       16%         1
 Necrotise                Necr           0%         1d4       16%         1
 Shock                    Conj/Air       0%         1d3       16%         1
 Summon Small Mammal      Summ           0%         N/A       16%         1
 Blink                    Tloc           0%         N/A       22%         2
 Call Imp                 Summ           0%         N/A       22%         2
 Cigotuvi's Dreadful Rot  Necr/Pois/Air  0%         N/A       22%         2
 Ensorcelled Hibernation  Hex/Ice        0%         N/A       22%         2
 Passwall                 Tmut/Erth      0%         N/A       22%         2
 Sublimation of Blood     Necr           0%         N/A       22%         2
 Wereblood                Tmut           0%         N/A       22%         2
 Confusing Touch          Hex            0%         N/A       38%         3
 Frozen Ramparts          Ice            0%         1d1       38%         3
 Mephitic Cloud           Conj/Pois/Air  0%         N/A       38%         3
 Stone Arrow              Conj/Erth      0%         3d7       38%         3
 Summon Guardian Golem    Hex/Summ       0%         N/A       38%         3
 Swiftness                Air            0%         N/A       38%         3
 Vampiric Draining        Necr           0%         2d6       38%         3
 Airstrike                Air            0%         2d(0-16)  78%         4
 Anguish                  Hex/Necr       0%         N/A       78%         4
 Animate Armour           Summ/Erth      0%         N/A       78%         4
 Cause Fear               Hex            0%         N/A       78%         4
 Dispel Undead            Necr           0%         3d6       78%         4
 Ice Form                 Ice/Tmut       0%         N/A       78%         4
 Manifold Assault         Tloc           0%         N/A       78%         4
 Summon Ice Beast         Ice/Summ       0%         N/A       78%         4
 Summon Lightning Spire   Summ/Air       0%         N/A       78%         4
 Agony                    Necr           0%         N/A       98%         5
 Freezing Cloud           Conj/Ice/Air   0%         6-21      98%         5
 Iskenderun's Battlesphe  Conj           0%         2d6       98%         5
 Yara's Violent Unravell  Hex/Tmut       0%         3d3       98%         5
 Death Channel            Necr           0%         N/A       100%        6
 Iron Shot                Conj/Erth      0%         9d1       100%        6
 Simulacrum               Ice/Necr       0%         N/A       100%        6
 Summon Cactus Giant      Summ           0%         N/A       100%        6
 Enfeeble                 Hex            0%         N/A       100%        7
 Spellforged Servitor     Conj/Summ      0%         N/A       100%        7
 Storm Form               Tmut/Air       0%         N/A       100%        7
 Summon Hydra             Summ           0%         N/A       100%        7
 Lehudib's Crystal Spear  Conj/Erth      0%         10d2      100%        8
 Maxwell's Capacitive Co  Air            0%         ∞         100%        8
 Chain Lightning          Conj/Air       0%         N/A       100%        9
 Dragon's Call            Summ           0%         N/A       100%        9
 Fire Storm               Conj/Fire      0%         5d1       100%        9
 Polar Vortex             Ice            0%         N/A       100%        9
 Shatter                  Erth           0%         3d5*      100%        9


Dungeon Overview and Level Annotations

Branches:
Dungeon (15/15)            Temple (1/1) D:6            Lair (5/5) D:9
 Shoals (4/4) Lair:3       Spider (4/4) Lair:3        Slime (0/5) Lair:4
    Orc (2/2) D:9             Elf (0/3) Orc:2        Vaults (2/5) D:13
 Depths (0/4) D:15          Sewer (visited)           IceCv (visited)
Gauntlet (visited)
  Crypt: Vaults:2-3

Altars:
Ashenzari
Cheibriados
Dithmenos
Elyvilon
Fedhas
Gozag
Hepliaklqana
Kikubaaqudgha
Makhleb
Nemelex Xobeh
Okawaru
Qazlal
Ru
Sif Muna
Trog
Uskayaw
Vehumet
Wu Jian
Xom
Yredelemnul
Zin
The Shining One
Jiyva

Shops:
D:5 [   D:8 =   D:11 =   D:13 [   Orc:2 **[[*(   Vaults:1 =[(:(

Portals:
Bazaar: Orc:2

Annotations:
D:4 3 runed translucent doors, tailblues's ghost, amateur DgTm
D:5 2 transporters
D:11 2 runed translucent doors, fly's ghost, journeyman DgDe
D:15 1 runed translucent door, Tiucafuv's ghost, journeyman HOFi
Lair:1 2 transporters, ouz's ghost, journeyman DjFE
Spider:1 Roxanne


Innate Abilities, Weirdness & Mutations

You are completely covered in rugged brown scales. (AC +3, +7% HP)
Armour fits poorly on your strangely shaped body.
You have a long armoured tail.
You roll when moving toward enemies. (Rampage)
Your long tongue fully drains potion bottles. (2x potion effects)
Your tongue gives you trouble enunciating. (1.5x scroll delay)


Message History

You kill the deep elf high priest!
The deep elf zephyrmancer points at you and mumbles some strange words.
The bolt of lightning hits you!!
The deep elf zephyrmancer points at you and mumbles some strange words.
The bolt of lightning misses you.
Uskayaw will force your foes to helplessly watch your dance.
Uskayaw prepares the audience for your solo!
Reach: a) +5 glaive of the Guard {elec, spectral, AC+5}
Press: ? - help, Dir - move target, f/p - deep elf annihilator
Aim: a deep elf annihilator, wielding a +0 long sword and wearing a +0 scale mail (almost dead, spells empowered, paralysed, about 2% to evade the +5 glaive of the Guard)
You reach to attack!
The helpless deep elf annihilator fails to defend itself.
You slice the deep elf annihilator!!
You kill the deep elf annihilator!
The deep elf zephyrmancer is no longer paralysed.
The deep elf zephyrmancer is engulfed in blazing flames.
The deep elf zephyrmancer hits you with a +0 long sword.
The deep elf zephyrmancer gestures wildly while chanting.
The deep elf zephyrmancer blinks!
You slice the deep elf zephyrmancer!!
The deep elf zephyrmancer is almost dead.
Your +5 glaive of the Guard {elec, spectral, AC+5} hits the deep elf zephyrmancer from afar.
Lightning courses through the deep elf zephyrmancer!!
You kill the deep elf zephyrmancer!
The deep elf zephyrmancer is no longer paralysed.
The deep elf zephyrmancer points at you and mumbles some strange words.
The bolt of lightning hits you!
The deep elf zephyrmancer casts a spell at you.
The bolt of lightning hits you!!
* * * LOW HITPOINT WARNING * * *
The deep elf zephyrmancer casts a spell.
The deep elf zephyrmancer blinks!
There is an open door, spattered with blood here.
Things that are here:
a +0 long sword; an elf corpse You roll towards the deep elf zephyrmancer!
Found a dagger.
The deep elf zephyrmancer points at you and mumbles some strange words.
The bolt of lightning hits you!!!
You die...

..#...#.......'..........##......
..#.[)#.......#..........##......
..+...#.......#..........##......
>.#...#.......#..........##......
..#...........#..........########
###...+.......#.)........#
......#.....○○############
..=...#.....○°##########
......#.....°☼)☼@☼.e....
#######......○#°☼#$#$#)#
#.......#..# # #########..# #...
#####


You could see a deep elf zephyrmancer (empowered).

Vanquished Creatures
  Bai Suzhen (Vaults:2)
  Frederick (Vaults:2)
  Xtahua (Vaults:2)
  Rupert (Lair:5)
  An Ice Fiend (IceCv)
  Asterion (Vaults:1)
  Kirke (Spider:1)
  A frost giant (Shoals:4)
  8 emperor scorpions
  3 vault wardens
  4 ghost moths (Spider:4)
  Aizul (Shoals:3)
  2 orc warlords
  5 broodmothers
  5 ironbound preservers
  2 very ugly things
  An ironbound thunderhulk (Vaults:1)
  A deep elf annihilator (Vaults:2)
  A minotaur (Gauntlet)
  4 dire elephants (Vaults:1)
  4 spark wasps
  Snorg (D:13)
  An ettin (D:15)
  2 merfolk javelineers (Shoals:4)
  9 merfolk impalers
  5 entropy weavers
  A deep elf high priest (Vaults:2)
  A fire dragon (D:15)
  3 yaktaur captains
  5 great orbs of eyes
  Harold (Orc:1)
  4 radroaches
  Erolcha (D:13)
  An ogre mage (D:12)
  7 hydras
  7 caustic shrike simulacra (IceCv)
  A vault guard (Vaults:2)
  An ironbound frostheart (Vaults:1)
  8 merfolk avatars
  5 centaur warriors
  2 jorogumos
  An alligator snapping turtle (Shoals:4)
  2 merfolk aquamancers (Shoals:4)
  7 boulder beetles
  2 tengu warriors (D:13)
  7 two-headed ogres
  A deep elf knight (Vaults:2)
  4 orc high priests
  Urug (Lair:5)
  Sonja (D:11)
  A hell knight (D:15)
  Amaemon (D:8)
  11 orb spiders
  3 skeletal warriors (D:13)
  A pharaoh ant (Spider:3)
  18 deep trolls
  A sun moth (Spider:4)
  2 bog bodies (IceCv)
  18 sea snakes
  8 steelbarb worms
  2 obsidian statues (IceCv)
  4 harpies (Shoals:2)
  10 lindwurms (Vaults:1)
  A deep elf zephyrmancer (Vaults:2)
  4 ironbound convokers
  4 wizards
  14 orc knights
  9 fauns
  17 ugly things
  26 wolf spiders
  2 necromancers
  5 orc sorcerers (Orc:2)
  8 cyclopes
  17 manticores
  Maurice (D:9)
  19 elephants
  5 moths of wrath
  8 vault sentinels
  14 merfolk sirens
  A human skeleton (Vaults:1)
  2 black mambas (Lair:5)
  A frost giant skeleton (Vaults:1)
  5 gargoyles
  A cane toad (shapeshifter) (D:9)
  5 torpor snails
  6 water nymphs
  9 cane toads
  An orange demon (D:8)
  Maggie (D:9)
  A human zombie (Vaults:1)
  8 demonic crawlers
  An unseen horror (D:11)
  4 rime drakes
  11 komodo dragons
  2 freezing wraiths (IceCv)
  15 yaktaurs
  A kobold demonologist (D:13)
  An efreet (D:13)
  2 tengu conjurers (D:13)
  A queen bee (Spider:3)
  6 meliai
  10 wind drakes
  5 trolls
  20 tarantellas
  10 polar bears
  13 dream sheep
  32 merfolk
  2 hornets
  12 snapping turtles
  11 slime creatures
  10 blink frogs
  35 jumping spiders
  22 culicivoras
  A shadow (D:9)
  Sigmund (D:2)
  A wraith (D:9)
  4 steam dragons
  2 vampires
  10 water elementals
  8 wyverns
  A dire elephant simulacrum (IceCv)
  A fire elemental (D:11)
  40 yaks
  A hog (Spider:1)
  A human (Spider:1)
  55 redbacks
  A minotaur simulacrum (IceCv)
  2 vampire mosquitoes (D:15)
  6 basilisks
  A warg (Orc:1)
  2 acid dragons
  A harpy simulacrum (IceCv)
  A hydra simulacrum (IceCv)
  10 water moccasins
  A glowing shapeshifter skeleton (Vaults:1)
  A hell hound (Gauntlet)
  40 orc warriors
  A black bear (Lair:1)
  Pargi (Sewer)
  3 ettin simulacra (IceCv)
  3 ice beasts
  An alligator simulacrum (IceCv)
  6 ogres
  10 wolves
  12 centaurs
  A phantom (D:7)
  5 kobold brigands
  2 gnoll sergeants
  13 bullfrogs
  3 necrophages
  A deep troll simulacrum (IceCv)
  4 scorpions
  13 wights
  19 killer bees
  7 howler monkeys
  5 electric eels (D:10)
  2 lava snakes (D:11)
  2 quasits (D:6)
  A jelly (Temple)
  2 hounds
  15 orc priests
  2 gnoll boudas
  21 orc wizards
  2 iguanas
  A hound skeleton (D:4)
  27 gnolls
  9 adders
  2 river rats (D:3)
  3 shadow imps (D:6)
  6 white imps
  3 ufetubi
  A worm (D:4)
  58 orcs
  9 endoplasms
  6 giant cockroaches
  3 goblins (D:1)
  4 hobgoblins
  2 jackals (D:1)
  22 kobolds
  6 quokkas
  7 ball pythons
  4 bats
  2 frilled lizards (D:1)
  11 rats
  A bush (Lair:5)
1178 creatures vanquished.

Vanquished Creatures (collateral kills)
  An orc sorcerer (Orc:2)
  2 orc priests (Orc:2)
  5 orcs (Orc:2)
8 creatures vanquished.

Vanquished Creatures (others)
  A merfolk aquamancer (Shoals:1)
  5 humans (Spider:1)
  A redback (Spider:1)
  A bush (Lair:3)
  5 demonic plants (Gauntlet)
  86 fungi
  212 plants
311 creatures vanquished.

Grand Total: 1497 creatures vanquished

Notes
Turn   | Place    | Note
-------+----------+-------------------------------------------
     0 | D:1      | MrRokkomies the Armataur Brigand began the quest for the
                  | Orb.
     0 | D:1      | Reached XP level 1. HP: 18/18 MP: 1/1
   405 | D:1      | Reached XP level 2. HP: 25/25 MP: 2/2
   985 | D:1      | Found a faded altar of an unknown god.
  1353 | D:2      | Identified the +9 dagger of Ocietain {flame, rC+ Str+4}
  1470 | D:2      | Identified the +1 leather armour of Weak Mirth {rF+ Dex+2}
  1494 | D:2      | Reached XP level 3. HP: 32/32 MP: 3/3
  1509 | D:2      | Noticed Sigmund
  1514 | D:2      | Killed Sigmund
  1515 | D:2      | Reached skill level 5 in Stealth
  1515 | D:2      | Reached XP level 4. HP: 34/40 MP: 4/4
  1515 | D:2      | Reached XP level 5. HP: 40/48 MP: 5/5
  2072 | D:3      | Found a glowing drain.
  2114 | Sewer    | Entered a sewer
  2177 | Sewer    | Noticed Pargi
  2179 | Sewer    | Killed Pargi
  2180 | Sewer    | Reached XP level 6. HP: 55/55 MP: 6/6
  2584 | D:3      | Found an iron altar of Okawaru.
  2966 | D:4      | Reached skill level 1 in Dodging
  3084 | D:4      | Identified the +0 leather armour of Good Intentions {Drain
                  | rPois Will- rCorr}
  3087 | D:4      | Found a runed translucent gate.
  3088 | D:4      | Found a runed translucent gate.
  3091 | D:4      | Found a runed translucent gate.
  3094 | D:4      | Noticed tailblues's ghost (amateur DgTm)
  3108 | D:4      | Noticed a sky beast
  3153 | D:4      | Reached XP level 7. HP: 64/64 MP: 7/7
  3174 | D:4      | Found a shimmering altar of Xom.
  3610 | D:4      | Found a burning altar of Makhleb.
  3726 | D:5      | Entered Level 5 of the Dungeon
  3726 | D:5      | Found Jatodoim's Antique Armour Emporium.
  3749 | D:5      | Reached skill level 5 in Fighting
  3749 | D:5      | Reached skill level 5 in Short Blades
  3860 | D:5      | Found a shadowy altar of Dithmenos.
  3997 | D:5      | Found a transporter.
  4031 | D:5      | Found a transporter.
  4425 | D:6      | Reached XP level 8. HP: 69/73 MP: 8/8
  4471 | D:6      | You fall into a shaft and drop 2 floors!
  4917 | D:6      | Found a staircase to the Ecumenical Temple.
  4927 | Temple   | Entered the Ecumenical Temple
  5096 | Temple   | Became a worshipper of Uskayaw the Reveller
  5117 | Temple   | Reached * piety under Uskayaw
  5118 | Temple   | Reached ** piety under Uskayaw
  5194 | D:6      | Reached *** piety under Uskayaw
  5200 | D:6      | Reached **** piety under Uskayaw
  5359 | D:6      | Reached XP level 9. HP: 69/84 MP: 9/9
  5408 | D:6      | Reached skill level 1 in Invocations
  5753 | D:6      | Found a broken altar of Ashenzari.
  6833 | D:7      | Found an ancient bone altar of Kikubaaqudgha.
  7322 | D:8      | Found Duocoem's Jewellery Shoppe.
  7327 | D:8      | Noticed an orange demon
  7349 | D:8      | Reached ***** piety under Uskayaw
  7357 | D:8      | Killed an orange demon
  7361 | D:8      | Noticed Amaemon
  7512 | D:8      | Bought an amulet of the acrobat for 390 gold pieces
  7685 | D:8      | Killed Amaemon
  7686 | D:8      | Reached XP level 10. HP: 96/96 MP: 12/12
  8016 | D:9      | Noticed Maurice
  8020 | D:9      | Killed Maurice
  8030 | D:9      | Found a staircase to the Lair.
  8071 | D:9      | Found the +3 salamander hide armour {Flames rF++ rC--}
  8080 | D:9      | Noticed a red ugly thing
  8151 | D:9      | a black bear changed into a cane toad
  8151 | D:9      | Noticed a cane toad (shapeshifter)
  8152 | D:9      | Killed a cane toad
  8232 | D:9      | Reached skill level 5 in Dodging
  8268 | D:9      | Reached XP level 11. HP: 104/105 MP: 14/14
  8323 | D:9      | Noticed a red ugly thing
  8325 | D:9      | Killed a red ugly thing
  8337 | D:9      | Killed a red ugly thing
  8338 | D:9      | Reached skill level 5 in Invocations
  8369 | D:9      | Identified the +1 leather armour "Kir Guohyit" {rElec Str-2
                  | Slay+5 SInv}
  8369 | D:9      | Identified the +1 dagger "Doutea" {drain, Will+ Int+4}
  8369 | D:9      | Identified the +0 scale mail of Spring Thaw {Regen+}
  8369 | D:9      | Identified the +7 dire flail "Banymnu" {pain, *Slow rPois
                  | rN++ Int+2}
  8534 | D:9      | Noticed Maggie
  8544 | D:9      | Killed Maggie
  8545 | D:9      | Reached skill level 10 in Fighting
  8692 | D:9      | Found a staircase to the Orcish Mines.
  8805 | D:9      | Reached skill level 10 in Short Blades
  8908 | Lair:1   | Entered Level 1 of the Lair of Beasts
  8949 | Lair:1   | Reached skill level 1 in Armour
  8963 | Lair:1   | Found a transporter.
  8966 | Lair:1   | Noticed a spriggan rider
  8970 | Lair:1   | Found a bloodstained altar of Trog.
  8979 | Lair:1   | Noticed ouz's ghost (journeyman DjFE)
  9022 | Lair:1   | Found a transporter.
  9046 | Lair:1   | Noticed a spriggan rider
  9323 | Lair:1   | Noticed a boulder beetle
  9327 | Lair:1   | Killed a boulder beetle
  9627 | Lair:2   | Reached skill level 5 in Armour
  9634 | Lair:2   | Found a gate leading to a gauntlet.
  9643 | Gauntlet | Entered a Gauntlet
  9643 | Gauntlet | Found the amulet of the Four Winds {rN+ Will+++ Clar}
  9643 | Gauntlet | Found a transporter.
  9643 | Gauntlet | Found a transporter.
  9647 | Gauntlet | Found a transporter.
  9647 | Gauntlet | Found a transporter.
  9656 | Gauntlet | Noticed an obsidian statue
  9657 | Gauntlet | Found a transporter.
  9724 | Gauntlet | Found a transporter.
  9734 | Gauntlet | Found a transporter.
  9749 | Gauntlet | Found a transporter.
  9758 | Gauntlet | Noticed an oklob plant
  9759 | Gauntlet | Found a transporter.
  9774 | Gauntlet | Found a transporter.
  9780 | Gauntlet | Found a transporter.
  9801 | Gauntlet | Found a transporter.
 10185 | Gauntlet | Identified the +7 spear of Experimentation {vorpal, Int+2}
 10231 | Gauntlet | Noticed a soul eater
 10259 | Gauntlet | Noticed a minotaur
 10270 | Gauntlet | Killed a minotaur
 10274 | Gauntlet | Identified the +0 robe of the Griffon {rC+ rN+}
 10274 | Gauntlet | Identified the +6 rapier of Patterns {flame, Str-3 Int+3
                  | Dex+2}
 10279 | Gauntlet | Got the Folio of the Frog
 10984 | Lair:2   | Reached XP level 12. HP: 108/113 MP: 16/16
 11425 | Lair:2   | Reached skill level 5 in Throwing
 11898 | Lair:3   | Noticed a five-headed hydra
 11907 | Lair:3   | Killed a five-headed hydra
 11992 | Lair:3   | Found a staircase to the Shoals.
 12093 | Lair:3   | Found a hole to the Spider Nest.
 12187 | Lair:3   | Reached skill level 10 in Armour
 12225 | Lair:3   | Reached ****** piety under Uskayaw
 12594 | Lair:3   | Identified the +9 mace "Uluen" {freeze, *Corrode Int+2
                  | SInv}
 13104 | Lair:4   | Found a staircase to the Slime Pits.
 13104 | Lair:4   | Found a viscous altar of Jiyva.
 13607 | Lair:4   | Reached XP level 13. HP: 120/120 MP: 18/18
 13958 | Lair:5   | Entered Level 5 of the Lair of Beasts
 14163 | Lair:5   | Noticed Urug
 14181 | Lair:5   | Killed Urug
 14202 | Lair:4   | HP: 6/120 [poisoned by a black mamba]
 14758 | Lair:5   | Noticed Rupert
 14767 | Lair:5   | Killed Rupert
 14960 | Lair:5   | Reached skill level 15 in Armour
 15396 | Lair:5   | Found the +5 glaive of the Guard {elec, spectral, AC+5}
 16082 | Lair:5   | Reached XP level 14. HP: 123/129 MP: 20/20
 16332 | Orc:1    | Entered Level 1 of the Orcish Mines
 16347 | Orc:1    | Noticed Harold
 16366 | Orc:1    | Killed Harold
 16677 | Orc:2    | Entered Level 2 of the Orcish Mines
 16701 | Orc:2    | Reached skill level 1 in Polearms
 16739 | Orc:2    | Found Bongih's General Store.
 16746 | Orc:2    | Found Vesian's Overcharged Wands.
 16751 | Orc:2    | Bought a +0 barding for 391 gold pieces
 16825 | Orc:2    | Found Kuroser's Antique Armour Emporium.
 16845 | Orc:2    | Found Xyroo's Assorted Antiques.
 17099 | Orc:2    | Found Ylygemop's Antique Weapon Boutique.
 17101 | Orc:2    | Found Musioto's Armour Emporium.
 17178 | Orc:2    | Noticed an orc warlord
 17192 | Orc:2    | Killed an orc warlord
 17324 | Orc:2    | Found a gateway to a bazaar.
 17408 | Orc:2    | Found a staircase to the Elven Halls.
 17983 | Orc:2    | Bought a pair of glowing gloves for 210 gold pieces
 17995 | Orc:2    | Bought a worn iron wand for 136 gold pieces
 18088 | D:10     | Entered Level 10 of the Dungeon
 18554 | D:10     | Found the +6 shillelagh "Devastator" {shatter}
 18572 | D:10     | Reached skill level 10 in Throwing
 18851 | D:10     | Identified the +0 robe of the Sacrificial Victim {Harm
                  | Rampage Will+ Stlth+}
 19192 | D:11     | Found Riplucvo's Jewellery Emporium.
 19197 | D:11     | Noticed Sonja
 19320 | D:11     | Killed Sonja
 19494 | D:11     | Found a large runed translucent door.
 19494 | D:11     | Found a large runed translucent door.
 19908 | D:11     | Bought the ring "Miets" {Wiz Drain rPois Dex+3} for 586
                  | gold pieces
 19987 | D:11     | Noticed fly's ghost (journeyman DgDe)
 21312 | D:13     | Noticed Erolcha
 21320 | D:13     | Killed Erolcha
 21501 | D:13     | Noticed Snorg
 21514 | D:13     | Reached skill level 5 in Polearms
 21514 | D:13     | Reached skill level 10 in Invocations
 21522 | D:13     | Killed Snorg
 21523 | D:13     | Reached XP level 15. HP: 112/139 MP: 22/22
 21937 | D:13     | Found a gate to the Vaults.
 21968 | D:13     | Found Maitwore's Armour Shop.
 22248 | D:14     | Found a blossoming altar of Fedhas.
 22804 | D:14     | Found a sparkling altar of Nemelex Xobeh.
 22900 | D:15     | Entered Level 15 of the Dungeon
 23053 | D:15     | Found a staircase to the Depths.
 23154 | D:15     | Found a runed translucent door.
 23154 | D:15     | Found a shimmering altar of Xom.
 23154 | D:15     | Noticed Tiucafuv's ghost (journeyman HOFi)
 23733 | Spider:1 | Entered Level 1 of the Spider Nest
 24095 | Spider:1 | Identified the +2 leather armour of the Conjuring Gods
                  | {Harm Drain rF+++ Int-2}
 24549 | Spider:1 | Noticed Kirke
 24554 | Spider:1 | Killed Kirke
 24729 | Spider:1 | Noticed Roxanne
 25288 | Spider:2 | Reached XP level 16. HP: 16/150 MP: 20/24
 25304 | Spider:2 | Found a frozen archway.
 25314 | IceCv    | Entered an ice cave
 26123 | IceCv    | Noticed an Ice Fiend
 26144 | IceCv    | Killed an Ice Fiend
 26145 | IceCv    | Identified the ring of Lugonu's Approval {Ice Slay+2}
 29103 | Spider:4 | Entered Level 4 of the Spider Nest
 30078 | Spider:4 | Reached XP level 17. HP: 162/162 MP: 25/25
 30939 | Spider:4 | Identified the +7 falchion of Law {vorpal, Stlth+}
 31232 | Spider:4 | Reached skill level 10 in Polearms
 31772 | Spider:4 | Got a gossamer rune of Zot
 31986 | Shoals:1 | Entered Level 1 of the Shoals
 33347 | Shoals:2 | Reached skill level 15 in Fighting
 33656 | Shoals:2 | Reached skill level 1 in Evocations
 34424 | Shoals:3 | Noticed Aizul
 34433 | Shoals:3 | Killed Aizul
 34808 | Shoals:4 | Entered Level 4 of the Shoals
 34927 | Shoals:4 | Reached XP level 18. HP: 153/174 MP: 27/27
 35123 | Shoals:4 | Got a barnacled rune of Zot
 36179 | Shoals:4 | Found the +3 pair of mountain boots {steadfast, rC+}
 36906 | Vaults:1 | Entered Level 1 of the Vaults
 36906 | Vaults:1 | Noticed Asterion
 37025 | Vaults:1 | Killed Asterion
 37379 | Vaults:1 | Found Sidwobuz's Weapon Boutique.
 37380 | Vaults:1 | Found Wapie's Armour Shoppe.
 37637 | Vaults:1 | Found Marusis's Book Emporium.
 37681 | Vaults:1 | Reached skill level 5 in Evocations
 37873 | Vaults:1 | Identified the +0 pair of boots of Otripnaz {MP+9 Dex+3}
 38551 | Vaults:1 | Found Memyzol's Weapon Shop.
 38689 | Vaults:1 | Found Dibi's Jewellery Boutique.
 38881 | Vaults:1 | Reached XP level 19. HP: 181/181 MP: 30/30
 39086 | Vaults:2 | Reached skill level 15 in Invocations
 39087 | Vaults:2 | Noticed Frederick
 39088 | Vaults:2 | Killed Frederick
 39195 | Vaults:2 | Noticed Bai Suzhen
 39207 | Vaults:2 | Killed Bai Suzhen
 39213 | Vaults:2 | Noticed Xtahua
 39220 | Vaults:2 | Killed Xtahua
 40027 | Vaults:2 | Killed from afar by a deep elf zephyrmancer

Illustrated notes

Levels and vault maps discovered:
D:1:      minmay_arrival_widening_spiral_narrow, layout_basic,
          ebering_ecumenical_altar_mist, columned_hall_lemuel
D:2:      layout_loops_corners, uniq_sigmund
D:3:      layout_loops_cross, mainiacjoe_overflow_surrounded_room,
          portal_sewer_entry_b, kennysheep_path_1, item_on_display_a
D:4:      layout_gridville, xom_teletrap_fun, makhleb_blood_cavern_becter,
          gammafunk_ghost_split
D:5:      gammafunk_cloud_chamber, layout_rooms, lemuel_round_altar,
          serial_shops, shop
D:6:      layout_basic, mainiacjoe_overflow_small_starburst,
          minmay_temple_entry_grid, serial_demonic, serial_demonic_f,
          serial_demonic_f, serial_demonic_d, serial_demonic_d,
          grunt_decor_junction
D:7:      layout_loops_ring, nicolae_kikubaaqudgha_miasma_corner
D:8:      layout_basic, serial_shops, shop_statue, uniq_amaemon
D:9:      layout_stronghold, lair_entry_dummy, orc_0_dummy, minmay_holes,
          minmay_the_grid_2x2 [minmay_the_grid_rooms, minmay_the_grid_slots,
          minmay_the_grid_small_cups, minmay_the_grid_prize_shrinking_boxes],
          uniq_maurice, uniq_maggie
D:10:     layout_basic, grunt_decor_cap, dilly_guarded_unrand_devastator
D:11:     layout_roguey, ebering_ghost_disaster_area, serial_shops,
          nicolae_inconvenience_store, chequers_serial_rivers_micro_b,
          uniq_sonja
D:12:     layout_loops_corners
D:13:     layout_stronghold, hangedman_vaults_entry_quadrant_bands,
          nicolae_stop_n_shop_1, uniq_snorg, uniq_erolcha
D:14:     layout_irregular_city, fedhas_altar_3, nemelex_altar_shiori
D:15:     hangedman_depths_entry_civil_slaughter, layout_basic,
          ebering_ghost_xom, minmay_quadrilaterals
Temple:   regret_index_temple_sphere_string
Lair:1:   layout_hall_layers, gammafunk_ghost_wrathful_warriors
Lair:2:   layout_layer_cave, gauntlet_entry_generic
Lair:3:   layout_roguey, minmay_shoals_entry_centaurs,
          spider_nest_entry_web_field, lightli_volcano_entry_magma_tube,
          lemuel_fruit_tree
Lair:4:   layout_hall_layers, slime_entry_1, kennysheep_basilisk_garden
Lair:5:   gammafunk_lair_ancient_temple, layout_small_grid,
          cheibrodos_lair_lostbears, uniq_rupert, uniq_urug
Shoals:1: layout_shoals
Shoals:2: layout_shoals
Shoals:3: layout_shoals, uniq_aizul
Shoals:4: shoals_end_grunt_ice, layout_shoals
Spider:1: nicolae_spider_hilbert_zone_2 [nicolae_spider_hilbert_4_sides_1_open,
          nicolae_spider_hilbert_4_sides_1_open,
          nicolae_spider_hilbert_4_sides_1_open,
          nicolae_spider_hilbert_4_sides_1_open,
          nicolae_spider_hilbert_6_sides_1_open,
          nicolae_spider_hilbert_6_sides_1_open,
          nicolae_spider_hilbert_3_sides_1_open,
          nicolae_spider_hilbert_3_sides_1_open,
          nicolae_spider_hilbert_3_sides_1_open,
          nicolae_spider_hilbert_3_sides_1_open,
          nicolae_spider_hilbert_6_sides_1_open,
          nicolae_spider_hilbert_6_sides_1_open,
          nicolae_spider_hilbert_6_sides_1_open,
          nicolae_spider_hilbert_6_sides_1_open], uniq_roxanne, uniq_kirke
Spider:2: layout_spider_delve, portal_ice_cave_entry_ugly_swarm
Spider:3: layout_cave_pods, special_room [special_room_bee]
Spider:4: guppyfry_spider_rune
Orc:1:    layout_diamond_mine, serial_shops, basic_altar, uniq_harold
Orc:2:    st_orc_elflike, layout_diamond_mine, serial_shops, statue_bzr,
          shop_fountains, nicolae_shop_overcharged_wands
Vaults:1: v_misc_17, nicolae_vaults_triangles, hangedman_vaults_cutoff,
          special_room_vaults [special_room_orc], vaults_dpeg_hooks,
          v_alt_pattern_5, v_pattern_2, nicolae_vaults_little_squares_2,
          nicolae_vaults_alarming, layout_vaults_ring, serial_shops,
          nicolae_shop_bloodbath_and_beyond, shop, nicolae_shop_waterfront,
          nicolae_shop_stone, shop, uniq_asterion
Vaults:2: ontoclasm_vaults_ring_square, nicolae_vaults_disjoint_gnomons,
          v_pattern_1, ontoclasm_vaults_ring_small, ontoclasm_vaults_ligature,
          nicolae_vaults_theta, dpeg_vaults_hating_casters,
          hangedman_vaults_impose, nicolae_vaults_angled_halls,
          nicolae_vaults_shelves_hall, layout_vaults_big_room, uniq_frederick,
          uniq_xtahua, uniq_bai_suzhen

Skill      XL: |  1  2  3  4  5  6  7  8  9 10 11 12 13 14 15 16 17 18 19 |
---------------+----------------------------------------------------------+-----
Fighting       | 2 3 4 5 7 8 9 10 11 12 14 15 | 15.0
Short Blades   | 2 3 4 5 7 8 9 10 | 10.0
Stealth        | 5 6 |  6.0
Dodging        | 1 2 3 4 5 6 7 8 9 |  9.3
Invocations    | 3 4 6 7 9 10 11 13 14 15 | 15.4
Throwing       | 4 7 9 10 11 12 13 | 13.7
Armour         | 8 13 15 | 15.5
Polearms       | 5 7 9 11 12 13 | 13.1
Evocations     | 2 5 6 |  6.4

Action                   |  1- 3 |  4- 6 |  7- 9 | 10-12 | 13-15 | 16-18 | 19-21 || total
-------------------------+-------+-------+-------+-------+-------+-------+-------++-------
Melee: Dagger            |    61 |    77 |   299 |   339 |   552 |    30 |       ||  1358
       Tailslap          |     5 |     5 |    29 |    69 |   126 |    87 |     9 ||   330
       Punch             |       |       |     4 |     5 |     7 |       |       ||    16
       Glaive            |       |       |       |       |   178 |   639 |    92 ||   909
Throw: Javelin           |       |       |     4 |       |       |    13 |       ||    17
       Dart              |       |       |     4 |     6 |    23 |   195 |       ||   228
       Throwing net      |       |       |     1 |       |       |       |       ||     1
       Boomerang         |       |       |       |       |   130 |   424 |       ||   554
Invok: Stomp             |       |       |       |     2 |     4 |       |       ||     6
       Grand Finale      |       |       |       |       |       |       |     1 ||     1
Evoke: Phantom mirror    |       |       |       |       |     1 |       |       ||     1
       Wand              |       |       |       |       |     1 |     1 |       ||     2
  Use: Scroll            |       |    10 |     8 |     5 |    10 |     9 |       ||    42
       Potion            |       |       |     5 |     2 |     7 |     9 |     3 ||    26
 Stab: Sleeping          |    11 |    14 |     9 |     9 |     8 |    16 |       ||    67
       Distracted        |       |     1 |       |     1 |     3 |    13 |     4 ||    22
       Paralysed         |       |       |    18 |    12 |    37 |    31 |     7 ||   105
       Held in net/web   |       |       |     1 |       |       |       |       ||     1
       Invisible         |       |       |       |     3 |       |       |       ||     3
Armor: Robe              |    19 |       |       |       |       |       |       ||    19
       Leather armour    |       |    23 |    67 |    59 |   207 |   350 |    39 ||   745
Dodge: Dodged            |    15 |    18 |   130 |   100 |   310 |   371 |    34 ||   978

Table legend: (Time is in decaauts)
 A = Elapsed time spent in this place.
 B = Non-inter-level travel time spent in this place.
 C = Inter-level travel time spent in this place.
 D = Time resting spent in this place.
 E = Time spent auto-exploring this place.
 F = Levels seen in this place.
 G = Mean time per level.
                   A        B        C        D        E       F      G
               +--------+--------+--------+--------+--------+-----+--------+
         Total |  39846 |  38155 |   1691 |   4705 |  27807 |  36 | 1106.8 |
       Dungeon |  14149 |  13459 |    690 |   1123 |  10540 |  15 |  943.3 |
        Temple |    255 |    239 |     16 |     65 |    132 |   1 |  255.0 |
          Lair |   6653 |   6282 |    371 |    469 |   5063 |   5 | 1330.6 |
        Shoals |   5009 |   4824 |    185 |    316 |   3633 |   4 | 1252.2 |
   Spider Nest |   6694 |   6520 |    174 |   1160 |   4232 |   4 | 1673.5 |
  Orcish Mines |   1641 |   1429 |    212 |    214 |   1006 |   2 |  820.5 |
        Vaults |   3021 |   2980 |     41 |      6 |   2508 |   2 | 1510.5 |
         Sewer |    147 |    147 |      0 |      0 |    126 |   1 |  147.0 |
      Ice Cave |   1554 |   1554 |      0 |   1053 |    317 |   1 | 1554.0 |
      Gauntlet |    720 |    720 |      0 |    297 |    249 |   1 |  720.0 |
               +--------+--------+--------+--------+--------+-----+--------+

Top non-repeatable levels by time:
Spider:4: 2446 daAuts
Vaults:1: 1975 daAuts
Spider:3: 1970 daAuts
  Lair:5: 1928 daAuts
Shoals:4: 1668 daAuts
   IceCv: 1554 daAuts
Spider:1: 1500 daAuts
Shoals:1: 1443 daAuts
  Lair:2: 1428 daAuts
    D:13: 1423 daAuts
  Lair:3: 1282 daAuts
  Lair:4: 1250 daAuts
     D:6: 1232 daAuts
   Orc:2: 1166 daAuts
     D:7: 1128 daAuts
